 Dungeon Crawl Stone Soup version 0.26-a0-597-gb535b0901c (webtiles) character file.

Game seed: 12907593261272968861

172 HoaS the Shield-Bearer (level 5, -4/41 HPs)
             Began as a Formicid Fighter on Aug 29, 2020.
             Slain by Grinder (7 damage)
             ... on level 2 of the Dungeon.
             The game lasted 00:05:30 (1943 turns).

HoaS the Shield-Bearer (Formicid Fighter)           Turns: 1943, Time: 00:05:30

Health: -4/41      AC:  9    Str: 22    XL:     5   Next: 83%
Magic:  5/5        EV:  8    Int:  7    God:
Gold:   195        SH: 10    Dex: 10    Spells: 4/4 levels left

rFire    . . .     SeeInvis +   a - +0 quarterstaff
rCold    . . .     Faith    .   c - +0 kite shield
rNeg     . . .     Spirit   .   b - +0 scale mail
rPois    .         Reflect  .   (helmet unavailable)
rElec    .         Harm     .   o - +0 cloak
rCorr    .                      (no gloves)
MR       .....                  m - +0 pair of boots
Stlth    ..........             (no amulet)
HPRegen  0.13/turn              g - ring of flight
MPRegen  0.09/turn              (no ring)

@: mighty
A: permanent stasis, dig shafts and tunnels, four strong arms, antennae 3
a: Dig, Shaft Self, Evoke Flight


You were on level 2 of the Dungeon.
You visited 1 branch of the dungeon, and saw 3 of its levels.

You collected 195 gold pieces.

Inventory:

Hand Weapons
 a - a +0 quarterstaff (weapon)
Armour
 b - a +0 scale mail (worn)
 c - a +0 kite shield (worn)
 m - a +0 pair of boots (worn)
 o - a +0 cloak (worn)
Jewellery
 g - a ring of flight (left hand)
 l - a +6 ring of dexterity
Scrolls
 e - a scroll of magic mapping
 f - 2 scrolls of identify
Potions
 h - a potion of brilliance {unknown}
 i - a potion of berserk rage {unknown}
 j - a potion of heal wounds {unknown}
 k - 2 potions of curing {unknown}
 n - a potion of stabbing {unknown}


   Skills:
 - Level 3.2 Fighting
 * Level 4.7 Staves
 - Level 3.2 Armour
 + Level 5.1 Shields


You had 4 spell levels left.
You didn't know any spells.
Your spell library was empty.

Dungeon Overview and Level Annotations

Branches:
Dungeon (3/15)

Altars:
Fedhas
Nemelex Xobeh

Annotations:
D:2 Grinder
D:3 3 runed translucent doors, Natasha; Terence; argonath2's ghost, amateur DDHu


Innate Abilities, Weirdness & Mutations

You cannot be hasted, slowed, berserked, paralysed or teleported.
You can dig through walls and to a lower floor.
Your four strong arms can wield two-handed weapons with a shield.
You have a pair of large antennae on your head. (SInv)


Message History

You block Grinder's attack.
You closely miss Grinder.
Grinder is moderately wounded.
Grinder gestures at you.
Your stasis prevents you from being paralysed.
You barely miss Grinder.
Grinder is lightly wounded.
Grinder closely misses you.
You sock Grinder!
Grinder is heavily wounded.
Grinder gestures at you. Pain shoots through your body!
* * * LOW HITPOINT WARNING * * *
You closely miss Grinder.
Grinder is heavily wounded.
Grinder closely misses you.
You closely miss Grinder.
Grinder is heavily wounded.
Grinder hits you!
You die...

.....##......#......##...##
.#......###############...###
...#.#### #.....###
.......### ##......##
.###.....## #### ###.....# ##
###.#..#### #..# ###...## #
#.......# ###.## ##...#
####....# #>..## #...#
###..###@...# #.(.# #
#########.....5#### ##...
###..............#### #...
.#..#######.###.###.#####
##.. ...## #..##.†..(....#
#.# ...##
##.#..###.....#######.#
##..####
##....####.>........)..#
###....#
#.....###.....#.########
####.# #....)........#.#


You could see Grinder.

Vanquished Creatures
  An orc priest (D:3)
  An orc wizard (D:3)
  A gnoll (D:1)
  4 adders (D:2)
  An ooze (D:3)
  A worm (D:2)
  A dart slug (D:2)
  3 leopard geckos
  2 orcs (D:3)
  6 bats
  4 giant cockroaches
  6 goblins
  6 hobgoblins
  3 jackals (D:1)
  A quokka (D:3)
  A ball python (D:2)
  5 frilled lizards
  5 kobolds
  9 rats
61 creatures vanquished.

Vanquished Creatures (others)
  7 fungi
  5 plants
12 creatures vanquished.

Grand Total: 73 creatures vanquished

Notes
Turn   | Place    | Note
-------+----------+-------------------------------------------
     0 | D:1      | HoaS the Formicid Fighter began the quest for the Orb.
     0 | D:1      | Reached XP level 1. HP: 18/18 MP: 1/1
    46 | D:1      | Reached XP level 2. HP: 21/24 MP: 2/2
   115 | D:1      | Reached skill level 4 in Shields
   131 | D:1      | Reached XP level 3. HP: 24/29 MP: 3/3
   638 | D:2      | Found a sparkling altar of Nemelex Xobeh.
   667 | D:2      | Reached XP level 4. HP: 33/35 MP: 4/4
   892 | D:2      | Found a blossoming altar of Fedhas.
  1254 | D:2      | Reached XP level 5. HP: 41/41 MP: 5/5
  1441 | D:3      | Found a runed translucent gate.
  1441 | D:3      | Noticed a big kobold
  1441 | D:3      | Noticed a big kobold
  1442 | D:3      | Found a runed translucent gate.
  1442 | D:3      | Noticed argonath2's ghost (amateur DDHu)
  1442 | D:3      | Noticed a big kobold
  1443 | D:3      | Found a runed translucent gate.
  1501 | D:3      | Reached skill level 5 in Shields
  1925 | D:3      | Noticed Grinder
  1925 | D:3      | Noticed Terence
  1927 | D:3      | Noticed Natasha
  1941 | D:2      | HP: 2/41 [Grinder/nerve-wracking pain (12)]
  1943 | D:2      | Slain by Grinder

Illustrated notes

Levels and vault maps discovered:
D:1:      saegor_arrival_simple_c, layout_rooms, minivault_5,
          minmay_close_crescents
D:2:      wander_river, layout_rooms, nemelex_xobeh_ov_fountains_minmay,
          fedhas_altar_3, serial_curves, eino_curves_01, eino_curves_03,
          eino_curves_04, grunt_decor_arrowhead
D:3:      layout_loops_ring, gammafunk_ghost_nasty_kobolds, uniq_terence,
          uniq_grinder, uniq_natasha

Skill      XL: |  1  2  3  4  5 |
---------------+----------------+-----
Shields        | 4 5 |  5.1
Staves         | 3 4 |  4.7
Fighting       | |  3.2
Armour         | |  3.2

Action                   |  1- 3 |  4- 6 || total
-------------------------+-------+-------++-------
Melee: Quarterstaff      |    84 |   132 ||   216
 Abil: Dig               |       |     2 ||     2
  Use: Scroll            |     4 |     2 ||     6
       Potion            |       |     1 ||     1
Armor: Scale mail        |    33 |    42 ||    75
Dodge: Dodged            |    31 |    37 ||    68
Block: Kite shield       |    35 |    52 ||    87

Table legend: (Time is in decaauts)
 A = Elapsed time spent in this place.
 B = Non-inter-level travel time spent in this place.
 C = Inter-level travel time spent in this place.
 D = Time resting spent in this place.
 E = Time spent auto-exploring this place.
 F = Levels seen in this place.
 G = Mean time per level.
                   A        B        C        D        E       F      G
               +--------+--------+--------+--------+--------+-----+--------+
         Total |   1995 |   1983 |     12 |    315 |   1180 |   3 |  665.0 |
       Dungeon |   1995 |   1983 |     12 |    315 |   1180 |   3 |  665.0 |
               +--------+--------+--------+--------+--------+-----+--------+

Top non-repeatable levels by time:
     D:2: 811 daAuts
     D:1: 653 daAuts
     D:3: 530 daAuts
